AoeStats
← Vortex

Black Forest

509428098Analyzed
4v4 RM · 6d ago on Sep 26, 2026· 53m 45s· 8 players
Game mode
Random Map
Map size
Large (8 player)
Population
200
Speed
Normal
Resources
Standard
Victory
Conquest
Starting age
Dark Age
Ending age
Imperial Age
RankedLock teamsTeams togetherTeam positionsShared explorationLock speedFull tech treeHidden civsTurbo modeCheats
Victory
Defeat
🇨🇴 Georgians · Colombia
1686
+10
🇧🇩 Tatars · Bangladesh
1664
+11
🇩🇪 Magyars · Germany
1611
+13
🇺🇸 Bulgarians · United States
1518
+18
🇬🇧 Teutons · United Kingdom
1588
-14
🇪🇸 Koreans · Spain
1570
-14
🇩🇪 Bengalis · Germany
1522
-12
🇦🇷 Malay · Argentina
1519
-12
The Stoned Sheep
11:23 Feudal Age
12:48 Double-Bit Axe
17:09 Castle Age
15:28 Fishing Lines
18:57 Bow Saw
19:32 Horse Collar
23:27 Wheelbarrow
22:38 Loom
23:26 Heavy Plow
23:16 Gold Mining
26:04 Sanctity
26:12 Forging
26:07 Scale Barding Armor
26:19 Fletching
26:50 Bloodlines
27:27 Stone Mining
28:00 Chain Barding Armor
29:56 Hand Cart
32:11 Iron Casting
34:20 Imperial Age
34:23 Cavalier
36:04 Blast Furnace
35:37 Crop Rotation
35:58 Fervor
36:19 Bodkin Arrow
36:47 Conscription
36:23 Town Watch
37:41 Two-Man Saw
37:25 Paladin
38:15 Pikeman
38:56 Squires
38:41 Gambesons
38:42 Arson
38:58 Scale Mail Armor
39:33 Plate Barding Armor
39:17 Siege Engineers
39:33 Ballistics
40:14 Chemistry
39:23 Heavy Scorpion
42:29 Ironclad
44:00 Caravan
48:10 Block Printing
49:11 Elite Skirmisher
51:46 Padded Archer Armor
SbS | Havoc
7:09 Loom
11:00 Feudal Age
14:46 Castle Age
13:22 Double-Bit Axe
15:57 Bow Saw
16:44 Fishing Lines
18:49 Horse Collar
25:03 Gillnets
25:35 Horse Collar
28:04 Wheelbarrow
27:14 Town Watch
28:18 Padded Archer Armor
31:15 Imperial Age
31:49 Scale Barding Armor
31:31 Elite Battle Elephant
32:21 Bloodlines
32:12 Husbandry
32:24 Forging
32:35 Paiks
32:51 Conscription
32:53 Chain Barding Armor
34:02 Coinage
35:53 Banking
36:22 Plate Barding Armor
39:57 Onager
43:32 Caravan
44:19 Stone Mining
44:19 Gold Mining
45:31 Two-Man Saw
44:33 Heavy Plow
45:36 Iron Casting
46:36 Mahayana
Lauti
1:25 Loom
12:07 Feudal Age
13:00 Double-Bit Axe
17:12 Fletching
23:47 Gold Mining
23:38 Horse Collar
28:58 Wheelbarrow
33:27 Castle Age
33:03 Bodkin Arrow
38:56 Hand Cart
44:58 Bow Saw
51:21 Gold Shaft Mining
50:50 Heavy Plow
56:01 Imperial Age
53:43 Thumb Ring
King of Puchi
10:18 Feudal Age
9:52 Loom
15:41 Castle Age
14:21 Double-Bit Axe
14:18 Horse Collar
14:27 Town Watch
16:59 Bow Saw
16:53 Heavy Plow
18:37 Wheelbarrow
27:19 Fletching
27:59 Crossbowman
28:44 Thumb Ring
29:40 Hand Cart
32:58 Imperial Age
30:39 Squires
30:52 Gold Mining
30:35 Pikeman
32:33 Scale Mail Armor
33:37 Heavy Rocket Cart
35:21 Two-Man Saw
35:13 Conscription
34:52 Arson
36:08 Siege Engineers
36:14 Masonry
37:32 Ballistics
38:12 Chemistry
37:45 Fortified Wall
37:47 Halberdier
39:31 Shinkichon
39:43 Eupseong
39:40 Bodkin Arrow
40:48 Chemistry
41:07 Fortified Wall
45:02 Stone Mining
45:48 Gold Shaft Mining
50:14 Bracer
51:57 Chain Mail Armor
53:36 Architecture
JayZaddy
10:43 Feudal Age
12:55 Double-Bit Axe
15:11 Castle Age
15:24 Fishing Lines
16:17 Gillnets
16:39 Bow Saw
19:08 Horse Collar
20:47 Heavy Plow
24:46 Wheelbarrow
27:37 Imperial Age
26:03 Scale Barding Armor
26:09 Forging
26:36 Gold Mining
27:08 Chain Barding Armor
28:08 Hand Cart
27:58 Husbandry
28:10 Bloodlines
28:49 Iron Casting
28:45 Coinage
28:15 Caravan
27:52 Cavalier
29:10 Plate Barding Armor
29:07 Crop Rotation
30:10 Gold Shaft Mining
29:28 Stone Mining
30:39 Blast Furnace
30:17 Banking
29:58 Town Watch
31:08 Town Watch
34:07 Devotion
35:48 Stone Shaft Mining
35:16 Loom
35:31 Town Patrol
39:29 Light Cavalry
43:05 Chemistry
42:07 Padded Archer Armor
41:57 Fletching
42:35 Ballistics
42:21 Siege Engineers
42:27 Masonry
41:54 Hussar
43:03 Bagains
43:06 Stirrups
43:13 Bagains
43:33 Conscription
43:27 Scale Mail Armor
43:30 Squires
44:30 Chain Mail Armor
44:30 Leather Archer Armor
44:11 Bodkin Arrow
47:58 Plate Mail Armor
51:11 Arson
51:29 Bracer
51:55 Capped Ram
52:49 Siege Ram
Carboncito
11:11 Feudal Age
15:47 Castle Age
14:12 Double-Bit Axe
14:32 Horse Collar
16:04 Scale Barding Armor
18:28 Chain Barding Armor
18:58 Forging
24:11 Bow Saw
24:10 Loom
27:57 Gold Mining
28:08 Heavy Plow
28:10 Scale Mail Armor
32:07 Imperial Age
30:15 Wheelbarrow
30:25 Chain Mail Armor
30:46 Iron Casting
29:32 Pikeman
30:12 Squires
31:46 Arson
32:08 Halberdier
32:11 Capped Ram
33:52 Plate Mail Armor
35:28 Blast Furnace
34:38 Town Watch
35:08 Hand Cart
34:52 Siege Ram
37:23 Town Patrol
41:33 Caravan
42:33 Onager
46:04 Conscription
45:51 Aznauri Cavalry
46:22 Siege Engineers
53:26 Crop Rotation
54:08 Coinage
Ansi
1:59 Loom
12:14 Feudal Age
14:05 Fletching
17:28 Padded Archer Armor
23:38 Castle Age
22:31 Gold Mining
23:50 Crossbowman
24:25 Bodkin Arrow
24:36 Bodkin Arrow
26:16 Ballistics
27:08 Double-Bit Axe
30:05 Wheelbarrow
32:38 Horse Collar
35:22 Hand Cart
39:18 Imperial Age
37:30 Leather Archer Armor
38:39 Thumb Ring
39:13 Bloodlines
39:03 Husbandry
39:56 Masonry
40:08 Bracer
40:35 Parthian Tactics
39:33 Heavy Cavalry Archer
42:21 Chemistry
47:00 Ring Archer Armor
47:20 Caravan
47:46 Conscription
47:28 Recurve Bow
52:03 Corvinian Army
51:24 Elite Magyar Huszar
52:10 Scale Barding Armor
53:22 Chain Barding Armor
54:46 Plate Barding Armor
Vortex
2:41 Loom
10:25 Feudal Age
16:03 Castle Age
14:05 Double-Bit Axe
14:17 Fletching
14:54 Double-Bit Axe
14:49 Horse Collar
17:13 Bow Saw
17:50 Wheelbarrow
21:01 Bodkin Arrow
29:28 Heavy Plow
34:46 Imperial Age
32:37 Hand Cart
32:14 Gold Mining
32:15 Stone Mining
32:27 Padded Archer Armor
33:09 Leather Archer Armor
33:17 Ballistics
35:41 Bracer
35:05 Heavy Cavalry Archer
37:04 Chemistry
35:34 Onager
37:54 Chemistry
37:16 Conscription
39:13 Ring Archer Armor
41:22 Silk Armor
42:09 Elite Keshik
42:56 Scale Barding Armor
43:01 Forging
43:40 Chain Barding Armor
43:39 Masonry
44:17 Caravan
44:28 Guilds
Connection lost

Rejoining the realm…

Still unreachable

The connection could not be restored.

Session expired

The server has moved on; the page needs a fresh start.